 Dungeon Crawl Stone Soup version 0.14-a0-1773-ge500af7 (webtiles) character file.

157 Kae the Chiller (level 4, -6/36 HPs)
             Began as a Naga Ice Elementalist on Jan 6, 2014.
             Killed from afar by an orc wizard (7 damage)
             ... with a magic dart
             ... on Level 2 of the Dungeon.
             The game lasted 00:03:04 (2340 turns).

Kae the Chiller (Naga Ice Elementalist)             Turns: 2340, Time: 00:03:04

HP  -6/36        AC  2     Str 11      XL: 4   Next:  7%
MP   1/8         EV 10     Int 16      God:
Gold 96          SH  0     Dex 11      Spells:  2 memorised,  4 levels left

rFire  . . .     SeeInvis +     (no weapon)
rCold  . . .     Clarity  .     a - +0 robe
rNeg   . . .     Conserve .     (no shield)
rPois  +         rCorr    .     (no helmet)
rElec  .         rRot     .     (no cloak)
SustAb . .       Spirit   .     (no gloves)
rMut   .         Warding  .     (no barding)
Saprov . . .     Stasis   .     (no amulet)
                                (no ring)
                                (no ring)

@: very slightly contaminated, very slow, slightly resistant to hostile
enchantments, fairly stealthy
A: spit poison, see invisible, deformed body, poison resistance, slowness 2, AC
+1
a: Spit Poison


You were on level 2 of the Dungeon.
You were hungry.

You visited 1 branch of the dungeon, and saw 3 of its levels.

You collected 96 gold pieces.

Inventory:

Armour
 a - a +0 robe (worn)
Comestibles
 c - 2 bread rations
 g - 2 meat rations
 h - a pear
Scrolls
 e - 3 scrolls of identify {unknown}
 f - a scroll of curse armour {unknown}
 i - 4 scrolls of fear {unknown}
 k - a scroll of blinking {unknown}
 l - a scroll of immolation {unknown}
 m - 2 scrolls of teleportation {unknown}
 p - a scroll of remove curse {unknown}
 v - a scroll of random uselessness {unknown}
Jewellery
 j - an uncursed amulet of resist mutation {unknown}
Potions
 d - a potion of agility {unknown}
 q - a potion of speed {unknown}
 r - a potion of brilliance {unknown}
 s - a potion of might {unknown}
 u - a potion of paralysis {unknown}
Books
 b - a book of Frost

   Spells                             Type                      Level
   *Freeze                            Ice                          1
   *Throw Frost                       Conjuration/Ice              2
   Ozocubu's Armour                   Charms/Ice                   3
   Throw Icicle                       Conjuration/Ice              4
   Summon Ice Beast                   Ice/Summoning                4
   Condensation Shield                Ice                          4


   Skills:
 - Level 1.5 Dodging
 - Level 3.0 Stealth
 + Level 2.4 Spellcasting
 + Level 2.0 Conjurations
 * Level 4.0 Ice Magic


You had 4 spell levels left.
You knew the following spells:

 Your Spells              Type           Power        Failure   Level  Hunger
a - Freeze                Ice            ###.         4%          1    #......
b - Throw Frost           Conj/Ice       ##....       10%         2    ##.....


Dungeon Overview and Level Annotations

Branches:
Dungeon (3/16)

Altars:
Nemelex Xobeh

Annotations:
D:3 Jessica; Mygna's ghost, average MfFi


Innate Abilities, Weirdness & Mutations

You cannot wear boots.
You can spit poison.
Your serpentine skin is tough (AC +1).
You have supernaturally acute eyesight.
Armour fits poorly on your strangely shaped body.
Your system is resistant to poisons.
You cover ground very slowly.


Message History

Casting: Freeze
Confirm with . or Enter, or press ? or * to list all spells.
Aiming: Freeze
Press: ? - help, Shift-Dir - straight line, f/p - orc wizard
Aim: an orc wizard, wielding an orcish dagger and wearing an orcish robe (severely wounded, moving very quickly)
You miscast Freeze.
You are very lightly contaminated with residual magic.
Nothing appears to happen.
The orc wizard hits you with an orcish dagger.
* * * LOW HITPOINT WARNING * * *
Casting: Freeze
Confirm with . or Enter, or press ? or * to list all spells.
Aiming: Freeze
Press: ? - help, Shift-Dir - straight line, f/p - orc wizard
Aim: an orc wizard, wielding an orcish dagger and wearing an orcish robe (severely wounded, moving very quickly)
You freeze the orc wizard.
The orc wizard is almost dead.
The orc wizard gestures at you while chanting.
The magic dart hits you!
You die...

....# ######.#...#...%..##.#...#
.##.# #......#......##.....#
.##.########..##..#......####.#.#
..........##..#......##### #.#.#
###.#####.##..##.##### #.#.#
..#.# #.##..##.# #.#.# #.#.#
#.##..##.#### #.#..
..#.#####.##.....o..#########.###
................@....)...........
..#.......##.######.#############
#.##########.# #.####### # #.#
#.#####.# #.......# ##
#.####.......# #######.######.
#......####### #######.##.....
.####..# #.......##.###. .......#
###.########.# #. .####.######
###.......# #.# ##


You could see an orc wizard.

Vanquished Creatures
  2 adders (D:2)
  A giant gecko (D:2)
  3 orcs
  2 giant cockroaches
  7 goblins
  5 hobgoblins
  6 bats
  A giant newt (D:1)
  3 kobolds
  7 rats
37 creatures vanquished.

Notes
Turn   | Place    | Note
--------------------------------------------------------------
     0 | D:1      | Kae, the Naga Ice Elementalist, began the quest for the Orb.
     0 | D:1      | Reached XP level 1. HP: 15/15 MP: 3/3
   394 | D:1      | Reached XP level 2. HP: 17/22 MP: 0/4
   398 | D:1      | Learned a level 2 spell: Throw Frost
  1388 | D:2      | Reached XP level 3. HP: 17/28 MP: 1/6
  2044 | D:2      | Found a sparkling altar of Nemelex Xobeh.
  2210 | D:3      | Noticed Mygna's ghost (average MfFi)
  2213 | D:2      | Reached skill level 4 in Ice Magic
  2248 | D:3      | Noticed Jessica
  2250 | D:3      | Reached XP level 4. HP: 36/36 MP: 6/8
  2339 | D:2      | HP: 1/36 [orc wizard/orcish dagger (1)]
  2340 | D:2      | Killed from afar by an orc wizard

Action                   |  1- 3 |  4- 6 || total
-------------------------+-------+-------++-------
Melee: Unarmed           |    62 |       ||    62
 Cast: Freeze            |    47 |    11 ||    58
